 Dungeon Crawl Stone Soup version 0.21.1-1-g345015f (webtiles) character file.

14255 vatarom the Quickloader (level 12, 0/130 HPs)
             Began as a Formicid Hunter on May 4, 2018.
             Was a High Priest of Okawaru.
             Slain by an ettin
             ... wielding a +0 great mace
              (21 damage)
             ... on level 11 of the Dungeon.
             The game lasted 00:34:26 (11066 turns).

vatarom the Quickloader (Formicid Hunter)          Turns: 11066, Time: 00:34:27

Health: 0/130      AC: 26    Str: 22    XL:     12   Next: 42%
Magic:  12/12      EV:  2    Int: 10    God:    Okawaru [*****.]
Gold:   812        SH: 11    Dex: 12    Spells: 11/11 levels left

rFire    . . .     SeeInvis .   z - +3 lajatang (speed)
rCold    . . .     Gourm    .   l - +0 shield
rNeg     + + +     Faith    .   (armour currently unavailable)
rPois    +         Spirit   .   (helmet unavailable)
rElec    .         Reflect  .   (cloak currently unavailable)
rCorr    .         Harm     .   (gloves currently unavailable)
MR       +....                  (boots currently unavailable)
Stlth    +++.......             (no amulet)
HPRegen  0.71/turn              m - ring of stealth
MPRegen  0.13/turn              (no ring)

@: tree-form
A: permanent stasis, dig shafts and tunnels, four strong arms, regeneration 1,
subdued magic 1
a: Heroism, Finesse, Renounce Religion


You were on level 11 of the Dungeon.
You worshipped Okawaru.
Okawaru was extremely pleased with you.
You were not hungry.
You were a tree.
You visited 2 branches of the dungeon, and saw 12 of its levels.
You also visited: Sewer and Ossuary.

You collected 812 gold pieces.

Inventory:

Hand Weapons
 c - a +2 arbalest
 z - a +3 lajatang of speed (weapon)
Missiles
 q - 114 bolts
Armour
 i - a +1 pair of gloves of strength (melded)
 l - a +0 shield (worn)
 L - a +0 cloak (melded)
 M - the +8 orange crystal plate armour (melded) {Archmagi, Int+3 Clar}
   (Okawaru gifted it to you on level 10 of the Dungeon)

   It affects your intelligence (+3).
   It protects you against confusion.
Jewellery
 m - a ring of stealth (left branch)
Wands
 r - a wand of disintegration (13)
 y - a wand of digging (24)
 C - a wand of iceblast (5)
 I - a wand of scattershot (5)
Scrolls
 e - 5 scrolls of remove curse
 g - 2 scrolls of fog
 h - 3 scrolls of noise
 k - 4 scrolls of enchant armour
 n - a scroll of enchant weapon
 s - a scroll of immolation
 x - 2 scrolls of magic mapping
 D - a scroll of summoning
 E - 2 scrolls of amnesia
 K - a scroll of silence
Potions
 d - 4 potions of curing
 t - 2 potions of ambrosia
 u - a potion of magic {unknown}
 v - 3 potions of resistance
 w - 3 potions of cancellation
 A - 2 potions of might
 B - 3 potions of berserk rage
 F - 3 potions of brilliance {unknown}
 G - 3 potions of flight {unknown}
Books
 a - a book of Conjurations

   Spells                             Type                      Level
   a - Magic Dart                     Conjuration                  1
   b - Searing Ray                    Conjuration                  2
   c - Dazzling Spray                 Conjuration/Hexes            3
   d - Fulminant Prism                Conjuration/Hexes            4
   e - Force Lance                    Conjuration/Translocation    4
   f - Iskenderun's Mystic Blast      Conjuration                  4
 b - a book of Party Tricks

   Spells                             Type                      Level
   a - Summon Butterflies             Summoning                    1
   b - Apportation                    Translocation                1
   c - Lesser Beckoning               Translocation                3
   d - Tukima's Dance                 Hexes                        3
   e - Alistair's Intoxication        Transmutation/Poison         5
   f - Invisibility                   Hexes                        6
 j - a book of Geomancy

   Spells                             Type                      Level
   a - Sandblast                      Earth                        1
   b - Passwall                       Transmutation/Earth          2
   c - Stone Arrow                    Conjuration/Earth            3
   d - Petrify                        Transmutation/Earth          4
   e - Lee's Rapid Deconstruction     Earth                        5
 o - a book of Debilitation

   Spells                             Type                      Level
   a - Corona                         Hexes                        1
   b - Slow                           Hexes                        2
   c - Inner Flame                    Hexes/Fire                   3
   d - Portal Projectile              Hexes/Translocation          3
   e - Cause Fear                     Hexes                        4
   f - Leda's Liquefaction            Hexes/Earth                  4
 p - a book of Cantrips

   Spells                             Type                      Level
   a - Confusing Touch                Hexes                        1
   b - Animate Skeleton               Necromancy                   1
   c - Summon Small Mammal            Summoning                    1
   d - Apportation                    Translocation                1
Comestibles
 f - 18 rations
 J - 18 chunks of flesh


   Skills:
 - Level 5.7 Fighting
   Level 3.1 Axes
 + Level 10.3 Staves
 + Level 10.8 Crossbows
 + Level 9.5 Armour
 - Level 1.7 Dodging
 - Level 1.2 Stealth
 - Level 9.0 Shields


You had 11 spell levels left.
You didn't know any spells.

Dungeon Overview and Level Annotations

Branches:
Dungeon (11/15)            Temple (1/1) D:4             Orc (0/2) D:9
   Lair: D:8-11

Altars:
Cheibriados
Dithmenos
Elyvilon
Fedhas
Gozag
Nemelex Xobeh
Okawaru
Trog
Uskayaw
Vehumet
Wu Jian
Xom
The Shining One

Shops:
D:6 (

Annotations:
D:3 vatarom's ghost, amateur FoHu


Innate Abilities, Weirdness & Mutations

You cannot be hasted, slowed, berserked, paralysed or teleported.
You can dig through walls and to a lower floor.
Your four strong arms can wield two-handed weapons with a shield.
((You have a pair of large antennae on your head. (SInv)))
((You have very sharp teeth.))
Your natural rate of healing is unusually fast.
((You are resistant to electric shocks. (rElec)))
Your spells are a little easier to cast, but a little less powerful.


Message History

* * * LOW HITPOINT WARNING * * *
You block the ettin's attack.
Okay, then.
You feel better. The ettin barely misses you.
The ettin hits you but does no damage.
You feel better. The ettin hits you with a great mace.
The ettin hits you with a dire flail!
* * * LOW HITPOINT WARNING * * *
Okay, then.
Okay, then.
You feel better.
You turn into a tree.
Your +0 cloak melds into your body.
Your +1 pair of gloves of strength melds into your body.
The +8 orange crystal plate armour {Archmagi, Int+3 Clar} melds into your body.
You feel weaker.
You feel strangely numb.
Your roots penetrate the ground.
The ettin hits you with a great mace!!
* * * LOW HITPOINT WARNING * * *
The ettin hits you with a dire flail!!
You die...

............ #...........
#........... #...........
#........... #...........
#..C)....... #..♣.......
#### #......P... #..###
#.......... ##...##
#..........
#.....####..........
#.......##.........# #.
#.....#.###......... ...
#.#...#....#......#......
###...####.P......#......


You could see an ettin.

Vanquished Creatures
  Erica (D:10)
  4 two-headed ogres
  The ghost of bartek7090 the Blocker, a novice FoFi of Gozag (D:8)
  Nergalle (D:11)
  2 unseen horrors
  An ugly thing (D:6)
  The ghost of vatarom the Bolt Thrower, a novice FoHu (D:6)
  A centaur skeleton (D:10)
  2 trolls (D:10)
  2 hornets (D:10)
  A hippogriff (D:8)
  Sigmund (D:6)
  Grum (D:8)
  A wyvern (D:11)
  A hungry ghost (D:8)
  3 chaos spawn (D:9)
  Edmund (D:6)
  A soldier ant (D:10)
  A swamp drake (D:9)
  2 black bears
  2 ice beasts
  5 orc warriors
  10 ogres
  A phantom (D:6)
  4 wolves (D:8)
  4 centaurs
  3 big kobolds
  4 bullfrogs
  4 scorpions
  5 killer bees (D:9)
  3 crimson imps
  A centaur zombie (Ossuary)
  A bullfrog zombie (D:10)
  A gnoll shaman (D:5)
  8 hounds
  A human zombie (Ossuary)
  12 orc priests
  17 orc wizards
  4 iguanas
  13 worker ants
  A hound zombie (D:9)
  5 mummies (Ossuary)
  A worker ant zombie (D:8)
  9 gnolls
  4 river rats (Sewer)
  17 adders
  2 shadow imps
  4 oozes
  A worm (D:4)
  9 leopard geckos
  50 orcs
  5 ball pythons (Sewer)
  4 giant cockroaches
  2 gnoll zombies (Ossuary)
  6 goblins
  9 hobgoblins
  11 jackals
  5 quokkas
  11 bats
  12 frilled lizards
  A giant cockroach zombie (D:5)
  A goblin zombie (Ossuary)
  A jackal zombie (D:7)
  38 kobolds
  A kobold zombie (Ossuary)
  A leopard gecko skeleton (D:4)
  2 orc zombies (Ossuary)
  A quokka skeleton (D:6)
  A quokka zombie (D:6)
  32 rats
379 creatures vanquished.

Notes
Turn   | Place    | Note
-------+----------+-------------------------------------------
     0 | D:1      | vatarom the Formicid Hunter began the quest for the Orb.
     0 | D:1      | Reached XP level 1. HP: 16/16 MP: 1/1
   197 | D:1      | Reached XP level 2. HP: 22/22 MP: 2/2
   492 | D:1      | Reached XP level 3. HP: 24/27 MP: 3/3
   517 | D:1      | Reached skill level 5 in Crossbows
   923 | D:2      | Reached XP level 4. HP: 33/33 MP: 4/4
   957 | D:2      | Found a sparkling altar of Nemelex Xobeh.
   957 | D:2      | Found a transporter.
   957 | D:2      | Noticed a centaur
   985 | D:2      | Killed a centaur
   985 | D:2      | Reached XP level 5. HP: 37/38 MP: 5/5
  1422 | D:2      | Reached XP level 6. HP: 44/44 MP: 6/6
  2897 | D:3      | Noticed vatarom's ghost (amateur FoHu)
  3683 | D:3      | Reached XP level 7. HP: 37/50 MP: 7/7
  4377 | D:4      | Reached skill level 1 in Axes
  4468 | D:4      | Found a staircase to the Ecumenical Temple.
  4516 | Temple   | Entered the Ecumenical Temple
  4530 | Temple   | Became a worshipper of Warmaster Okawaru
  5117 | D:4      | Reached XP level 8. HP: 33/61 MP: 8/8
  5202 | D:5      | Entered Level 5 of the Dungeon
  5212 | D:5      | Reached skill level 5 in Fighting
  5481 | D:5      | Reached * piety under Okawaru
  5596 | D:5      | Reached skill level 1 in Staves
  5596 | D:5      | Reached skill level 1 in Shields
  6155 | D:6      | Noticed Edmund
  6155 | D:6      | Noticed a brown ugly thing
  6169 | D:6      | Gained mutation: Your spells are a little easier to cast, but a little less powerful. [potion of mutation]
  6169 | D:6      | Gained mutation: You are clumsy. (Dex -2) [potion of mutation]
  6169 | D:6      | Gained mutation: Your mind is acute. (Int +2) [potion of mutation]
  6195 | D:6      | Killed a brown ugly thing
  6195 | D:6      | Reached ** piety under Okawaru
  6195 | D:6      | Reached skill level 5 in Staves
  6195 | D:6      | Reached XP level 9. HP: 67/69 MP: 9/9
  6218 | D:6      | Killed Edmund
  6389 | D:6      | Noticed vatarom's ghost (novice FoHu)
  6407 | D:6      | Found Nami's Antique Weapon Shoppe.
  6490 | D:6      | Reached skill level 1 in Armour
  6497 | D:6      | Noticed Sigmund
  6506 | D:6      | Killed Sigmund
  6506 | D:6      | Reached *** piety under Okawaru
  6543 | D:6      | Found a glowing drain.
  6595 | Sewer    | Entered a sewer
  6806 | Sewer    | Received a gift from Okawaru
  7576 | D:6      | Killed vatarom's ghost
  7609 | D:7      | Reached XP level 10. HP: 65/76 MP: 10/10
  7647 | D:7      | Noticed an unseen horror
  7658 | D:7      | Killed an unseen horror
  7658 | D:7      | Reached **** piety under Okawaru
  7658 | D:7      | Reached skill level 5 in Armour
  7682 | D:7      | Found a sand-covered staircase.
  7686 | Ossuary  | Entered an ossuary
  7720 | Ossuary  | Lost mutation: You are clumsy. (Dex -2) [potion of mutation]
  7720 | Ossuary  | Lost mutation: Your mind is acute. (Int +2) [potion of mutation]
  7720 | Ossuary  | Gained mutation: You have very sharp teeth. [potion of mutation]
  7720 | Ossuary  | Gained mutation: You are resistant to electric shocks. (rElec) [potion of mutation]
  7720 | Ossuary  | Gained mutation: Your natural rate of healing is unusually fast. [potion of mutation]
  8001 | D:7      | Received a gift from Okawaru
  8433 | D:8      | Reached skill level 5 in Shields
  8479 | D:8      | Noticed Grum
  8492 | D:8      | Killed Grum
  8707 | D:8      | Noticed bartek7090's ghost (novice FoFi)
  8723 | D:8      | Killed bartek7090's ghost
  8731 | D:8      | Reached XP level 11. HP: 60/81 MP: 11/11
  8939 | D:9      | Noticed a two-headed ogre
  8943 | D:9      | Killed a two-headed ogre
  9271 | D:9      | Reached ***** piety under Okawaru
  9275 | D:9      | Found a staircase to the Orcish Mines.
  9494 | D:9      | Found the +4 mace of Variability {chaos}
  9527 | D:9      | Found a shimmering altar of Xom.
  9566 | D:9      | Noticed a two-headed ogre
  9575 | D:9      | Killed a two-headed ogre
  9575 | D:9      | Received a gift from Okawaru
  9806 | D:10     | Entered Level 10 of the Dungeon
  9815 | D:10     | Reached skill level 10 in Crossbows
  9923 | D:10     | Noticed a two-headed ogre
  9932 | D:10     | Killed a two-headed ogre
  9932 | D:10     | Received a gift from Okawaru
  9942 | D:10     | Noticed Erica
  9968 | D:10     | Killed Erica
  9968 | D:10     | Received a gift from Okawaru
 10332 | D:10     | Received a gift from Okawaru
 10333 | D:10     | Found the +8 orange crystal plate armour {Archmagi, Int+3 Clar}
 10386 | D:10     | Reached XP level 12. HP: 87/87 MP: 12/12
 10570 | D:10     | Noticed an unseen horror
 10575 | D:10     | Killed an unseen horror
 10787 | D:10     | Reached skill level 10 in Staves
 10970 | D:11     | Noticed a two-headed ogre
 10970 | D:11     | Noticed Nergalle
 10994 | D:11     | Killed Nergalle
 11008 | D:11     | Killed a two-headed ogre
 11046 | D:11     | Noticed an ettin
 11066 | D:11     | Slain by an ettin

Skill      XL: |  1  2  3  4  5  6  7  8  9 10 11 12 |
---------------+-------------------------------------+-----
Crossbows      | 5 6 7 8 9 10 | 10.8
Fighting       | 4 5 |  5.7
Axes           | 2 3 |  3.1
Staves         | 5 7 8 9 10 | 10.3
Shields        | 4 6 8 9 |  9.0
Armour         | 4 6 8 9 |  9.5
Dodging        | |  1.7
Stealth        | |  1.2

Action                   |  1- 3 |  4- 6 |  7- 9 | 10-12 || total
-------------------------+-------+-------+-------+-------++-------
Melee: Dagger            |    15 |   149 |       |       ||   164
       War axe           |       |    62 |    91 |       ||   153
       Lajatang          |       |       |   312 |   439 ||   751
       Bite              |       |       |       |    53 ||    53
 Fire: Hand crossbow     |    67 |    84 |    36 |       ||   187
       Arbalest          |       |       |    11 |   139 ||   150
 Abil: Dig               |       |     6 |     3 |     3 ||    12
Evoke: Wand              |       |     7 |       |     1 ||     8
  Use: Potion            |       |     5 |     6 |    13 ||    24
       Scroll            |       |       |    14 |     9 ||    23
 Stab: Sleeping          |       |     3 |     8 |     3 ||    14
  Eat: Ration            |       |     4 |     1 |     1 ||     6
       Chunk             |       |     2 |     6 |     9 ||    17
Armor: Leather armour    |    28 |    82 |    48 |       ||   158
       Skin              |       |       |    19 |     8 ||    27
       Ring mail         |       |       |    42 |    72 ||   114
       Crystal plate arm |       |       |       |    57 ||    57
Dodge: Dodged            |    28 |   164 |   167 |    95 ||   454
Block: Shield            |       |       |    92 |   183 ||   275
